 Dungeon Crawl Stone Soup version 0.23-a0-242-g2b5ca64 (webtiles) character file.

17863 digijack the Blocker (level 12, -6/113 HPs)
             Began as a Minotaur Fighter on Sept 23, 2018.
             Was a High Priest of Okawaru.
             Mangled by a manticore (13 damage)
             ... summoned by Kirke
             ... on level 12 of the Dungeon on Sept 28, 2018.
             The game lasted 01:17:03 (11266 turns).

digijack the Blocker (Minotaur Fighter)            Turns: 11266, Time: 01:17:03

Health: -6/113     AC:  0    Str: 27    XL:     12   Next: 22%
Magic:  11/11      EV: 13    Int:  5    God:    Okawaru [*****.]
Gold:   715        SH:  0    Dex:  9    Spells: 11/11 levels left

rFire    . . .     SeeInvis .   (weapon currently unavailable)
rCold    . . .     Gourm    .   (shield currently unavailable)
rNeg     . . .     Faith    .   (armour currently unavailable)
rPois    .         Spirit   .   (helmet currently unavailable)
rElec    .         Reflect  .   (cloak currently unavailable)
rCorr    .         Harm     .   (gloves currently unavailable)
MR       .....                  (boots currently unavailable)
Stlth    +.........             G - amulet of rage
HPRegen  0.28/turn              (ring currently unavailable)
MPRegen  0.12/turn              (ring currently unavailable)

@: pig-form, very quick
A: small, (retaliatory headbutt), deterioration 1
a: Heroism, Finesse, Renounce Religion, Evoke Berserk Rage


You were on level 12 of the Dungeon.
You worshipped Okawaru.
Okawaru was extremely pleased with you.
You were not hungry.
You were a filthy swine.
You visited 1 branch of the dungeon, and saw 12 of its levels.
You also visited: Ossuary.

You collected 810 gold pieces.
You spent 95 gold pieces at shops.

Inventory:

Hand Weapons
 C - the +7 hunting sling of Wu Jian {velocity, rElec rF+ Dex-4 Stlth+}
   (You found it on level 8 of the Dungeon)

   Any stone fired from it inflicts extra damage.
   It affects your dexterity (-4).
   It protects you from fire.
   It insulates you from electricity.
   It makes you more stealthy.
 D - a +2 morningstar of holy wrath (melded)
Missiles
 g - 20 tomahawks (quivered)
 j - 279 stones
 I - 24 sling bullets
Armour
 c - a +0 shield (melded)
 k - a +2 cloak (melded)
 v - a +0 plate armour (melded)
 w - the +0 pair of gloves of Yptixtel (melded) {rC++ MR-}
   (You found it on level 6 of the Dungeon)

   It greatly protects you from cold.
   It affects your resistance to hostile enchantments.
 K - a +1 pair of boots of flying (melded)
Jewellery
 e - a +2 ring of intelligence (melded)
 p - an uncursed ring of ice
 E - a ring of stealth (melded)
 G - an amulet of rage (around neck)
Wands
 d - a wand of paralysis (35)
 t - a wand of polymorph (9)
 u - a wand of iceblast (9)
 y - a wand of random effects (57)
 F - a wand of disintegration (14)
 L - a wand of acid (8)
Scrolls
 a - 5 scrolls of fear
 l - 6 scrolls of identify
 m - 2 scrolls of magic mapping
 n - 8 scrolls of remove curse
 x - 2 scrolls of teleportation
 A - a scroll of fog
Potions
 b - 2 potions of flight
 h - a potion of cancellation
 i - a potion of resistance
 o - 3 potions of agility
 q - 2 potions of might
 r - 3 potions of haste
 s - 3 potions of curing
 z - 3 potions of brilliance
 B - a potion of heal wounds
 H - a potion of invisibility
 M - a potion of magic
Comestibles
 f - 25 rations
 J - 4 chunks of flesh


   Skills:
 + Level 12.4 Fighting
 + Level 12.1 Maces & Flails
 - Level 0.2 Throwing
 + Level 12.4 Armour
 + Level 12.4 Shields


You had 11 spell levels left.
You didn't know any spells.
Your spell library contained the following spells:

 Spells                   Type           Power        Failure   Level  Hunger
 Confusing Touch          Hex            #.....       47%         1    ##.....
 Corona                   Hex            #......      47%         1    ##.....
 Flame Tongue             Conj/Fire      #....        47%         1    ##.....
 Magic Dart               Conj           #...         47%         1    ##.....
 Blink                    Tloc           N/A          63%         2    ###....
 Call Imp                 Summ           #.......     63%         2    ###....
 Ensorcelled Hibernation  Hex/Ice        #.....       63%         2    ###....
 Slow                     Hex            #.......     63%         2    ###....
 Throw Flame              Conj/Fire      #.....       63%         2    ###....
 Confuse                  Hex            #.......     85%         3    ####...
 Conjure Flame            Conj/Fire      #.......     85%         3    ####...
 Dazzling Spray           Conj/Hex       #.....       85%         3    ####...
 Gell's Gravitas          Tloc           #.........   85%         3    ####...
 Inner Flame              Hex/Fire       #.......     85%         3    ####...
 Mephitic Cloud           Conj/Pois/Air  #.......     85%         3    ####...
 Tukima's Dance           Hex            #.......     85%         3    ####...
 Petrify                  Tmut/Erth      #.......     99%         4    #####..
 Sticky Flame             Conj/Fire      #.......     99%         4    #####..
 Borgnjor's Vile Clutch   Necr/Erth      #.........   100%        5    ######.
 Fireball                 Conj/Fire      #.........   100%        5    ######.
 Metabolic Englaciation   Hex/Ice        #.........   100%        5    ######.
 Silence                  Hex/Air        #.........   100%        5    ######.
 Yara's Violent Unravell  Hex/Tmut       #.........   100%        5    ######.
 Darkness                 Hex            #.........   100%        6    #######
 Shadow Creatures         Summ           N/A          100%        6    #######


Dungeon Overview and Level Annotations

Branches:
Dungeon (12/15)            Temple (0/1) D:6            Lair (0/6) D:8
    Orc (0/2) D:9

Altars:
Ashenzari
Cheibriados
Elyvilon
Gozag
Hepliaklqana
Nemelex Xobeh
Okawaru
Xom
Yredelemnul
Zin

Shops:
D:6 ?

Annotations:
D:12 Kirke


Innate Abilities, Weirdness & Mutations

((You reflexively headbutt those who attack you in melee.))
((You have a pair of horns on your head.))
((You have sharp toenails.))
((You are partially covered in slimy green scales. (AC +2)))
Your body sometimes deteriorates upon taking damage.


Message History

The hog closely misses you. The hog bites you!
You bite the hog!
The hog is moderately wounded.
The hog misses you.
You hit the hog.
The hog is moderately wounded.
The hog barely misses you. The hog bites you.
The hippogriff closely misses you. The hippogriff pecks you.
The hippogriff closely misses you. The hog closely misses you.
There is a stone staircase leading up, spattered with blood here.
The hog bites you!
* * * LOW HITPOINT WARNING * * *
The hog barely misses you. The hippogriff bites you!
* * * LOW HITPOINT WARNING * * *
The hippogriff pecks you.
* * * LOW HITPOINT WARNING * * *
The hippogriff barely misses you. The hog barely misses you. The hog bites you!
* * * LOW HITPOINT WARNING * * *
The manticore bites you!
You die...

#..# #... #...#
#######
#...#####$....#
#............##
###...........#
##....hhH......##
#......h@h......#
#.......Hh...#...#
#...........## #
##.........##
###......##
##.....# ##...##
#####


You could see Kirke, a manticore, a hippogriff and 4 hogs.

Vanquished Creatures
  A rakshasa (D:10)
  A hydra (D:11)
  4 two-headed ogres
  An ugly thing (D:11)
  A cyclops (D:11)
  A manticore (D:11)
  2 trolls
  5 hippogriffs
  A vampire (D:9)
  Eustachio (D:4)
  3 wyverns
  8 yaks
  A human (D:10)
  A wraith (D:10)
  2 hungry ghosts
  3 hogs (D:10)
  5 porcupines (D:8)
  9 orc warriors
  3 sky beasts
  7 ice beasts
  3 phantoms
  5 ogres
  2 black bears
  6 centaurs
  A crocodile (D:8)
  3 big kobolds
  10 bullfrogs
  A gnoll sergeant (D:8)
  A scorpion (D:7)
  10 killer bees
  17 wights
  6 howler monkeys
  A bullfrog zombie (D:5)
  A centaur zombie (Ossuary)
  10 crimson imps
  A quasit (D:10)
  11 orc priests
  2 human zombies (Ossuary)
  4 hounds
  5 jellies
  2 centaur skeletons
  5 iguanas
  2 bullfrog skeletons
  17 orc wizards
  15 worker ants
  A killer bee zombie (D:8)
  A hound zombie (D:8)
  2 hound skeletons
  2 worker ant zombies
  A howler monkey zombie (D:8)
  4 mummies (Ossuary)
  11 gnolls
  A howler monkey skeleton (D:10)
  14 adders
  5 shadow imps
  An ooze (D:6)
  An adder zombie (D:8)
  2 adder skeletons
  2 worms
  2 dart slugs (D:1)
  3 leopard geckos
  49 orcs
  4 bats
  3 giant cockroaches
  A gnoll zombie (Ossuary)
  6 goblins
  7 hobgoblins
  13 jackals
  18 kobolds
  4 quokkas
  A ball python skeleton (D:4)
  2 frilled lizards
  A goblin zombie (Ossuary)
  2 hobgoblin zombies (Ossuary)
  A kobold zombie (Ossuary)
  A leopard gecko skeleton (D:5)
  A quokka skeleton (D:5)
  9 rats
377 creatures vanquished.

Vanquished Creatures (collateral kills)
  An ice beast (D:6)
1 creature vanquished.

Vanquished Creatures (others)
  24 fungi (D:8)
24 creatures vanquished.

Grand Total: 402 creatures vanquished

Notes
Turn   | Place    | Note
-------+----------+-------------------------------------------
     0 | D:1      | digijack the Minotaur Fighter began the quest for the Orb.
     0 | D:1      | Reached XP level 1. HP: 19/19 MP: 0/0
     0 | D:1      | Noticed a shadow dragon
     0 | D:1      | Noticed a tentacled monstrosity
     1 | D:1      | Noticed an ice dragon
     3 | D:1      | Noticed an ice dragon
     5 | D:1      | Noticed an ice dragon
     6 | D:1      | Noticed an ice dragon
     7 | D:1      | Noticed an ice dragon
     8 | D:1      | Noticed an iron dragon
    13 | D:1      | Noticed a shadow dragon
    13 | D:1      | Noticed a shadow dragon
    15 | D:1      | Noticed a large abomination
    15 | D:1      | Noticed an orb of fire
    17 | D:1      | Noticed a large abomination
    19 | D:1      | Noticed a green draconian
    19 | D:1      | Noticed an orb of fire
    19 | D:1      | Noticed a white draconian
    21 | D:1      | Noticed an ice dragon
    21 | D:1      | Noticed a shadow dragon
    85 | D:1      | Reached XP level 2. HP: 20/27 MP: 1/1
   178 | D:1      | You fall through a shaft!
   257 | D:2      | Reached XP level 3. HP: 28/33 MP: 2/2
   320 | D:2      | Found a shimmering altar of Xom.
  1012 | D:1      | Reached XP level 4. HP: 41/41 MP: 1/3
  1317 | D:1      | Found an iron altar of Okawaru.
  1333 | D:1      | Became a worshipper of Warmaster Okawaru
  1920 | D:3      | Reached XP level 5. HP: 32/47 MP: 1/4
  2267 | D:3      | Found a snail-covered altar of Cheibriados.
  2398 | D:4      | Reached skill level 5 in Fighting
  2398 | D:4      | Reached skill level 5 in Shields
  2449 | D:4      | Reached * piety under Okawaru
  2449 | D:4      | Reached skill level 5 in Armour
  2462 | D:4      | Reached XP level 6. HP: 40/56 MP: 1/5
  2716 | D:4      | Noticed Eustachio
  2743 | D:4      | Killed Eustachio
  2899 | D:5      | Entered Level 5 of the Dungeon
  2916 | D:5      | Noticed a sky beast
  2931 | D:5      | Killed a sky beast
  2931 | D:5      | Reached skill level 5 in Maces & Flails
  2931 | D:5      | Reached XP level 7. HP: 62/62 MP: 2/6
  3535 | D:5      | Reached ** piety under Okawaru
  3789 | D:6      | Reached XP level 8. HP: 70/71 MP: 2/7
  3807 | D:6      | Found Puucef's Magic Scroll Shop.
  4053 | D:6      | Found a transporter.
  4096 | D:6      | Upgraded the game from 0.23-a0-183-gf37f6fb to
                  | 0.23-a0-242-g2b5ca64
  4496 | D:6      | Found a transporter.
  4586 | D:6      | Found a staircase to the Ecumenical Temple.
  4620 | D:6      | Bought a scroll of summoning for 95 gold pieces
  4699 | D:7      | Reached *** piety under Okawaru
  4830 | D:7      | Reached XP level 9. HP: 49/81 MP: 2/8
  5441 | D:7      | Found a white marble altar of Elyvilon.
  5453 | D:7      | Found a sparkling altar of Nemelex Xobeh.
  5471 | D:7      | Found an opulent altar of Gozag.
  5473 | D:7      | Found a glowing silver altar of Zin.
  5681 | D:6      | Reached **** piety under Okawaru
  5710 | D:6      | Got a pair of scorched gloves
  5727 | D:6      | Identified the +0 pair of gloves of Yptixtel {rC++ MR-}
                  | (You found it on level 6 of the Dungeon)
  5993 | D:8      | Reached XP level 10. HP: 54/91 MP: 3/9
  6014 | D:8      | Reached ***** piety under Okawaru
  6026 | D:8      | Found a staircase to the Lair.
  6307 | D:8      | Found a sand-covered staircase.
  6317 | Ossuary  | Entered an ossuary
  6479 | Ossuary  | Gained mutation: You tend to lose your temper in combat.
                  | [potion of mutation]
  6479 | Ossuary  | Gained mutation: You are agile. (Dex +2) [potion of
                  | mutation]
  6479 | Ossuary  | Lost mutation: You tend to lose your temper in combat.
                  | [potion of mutation]
  6479 | Ossuary  | Gained mutation: Your mind is acute. (Int +2) [potion of
                  | mutation]
  6500 | Ossuary  | Lost mutation: Your mind is acute. (Int +2) [potion of
                  | mutation]
  6500 | Ossuary  | Lost mutation: You are agile. (Dex +2) [potion of mutation]
  6500 | Ossuary  | Gained mutation: You have sharp fingernails. [potion of
                  | mutation]
  6500 | Ossuary  | Gained mutation: You have supernaturally acute eyesight.
                  | (SInv) [potion of mutation]
  6501 | Ossuary  | Lost mutation: You have sharp fingernails. [potion of
                  | mutation]
  6501 | Ossuary  | Lost mutation: You have supernaturally acute eyesight.
                  | (SInv) [potion of mutation]
  6501 | Ossuary  | Gained mutation: Your body sometimes deteriorates upon
                  | taking damage. [potion of mutation]
  6501 | Ossuary  | Gained mutation: You are partially covered in slimy green
                  | scales. (AC +2) [potion of mutation]
  6501 | Ossuary  | Gained mutation: You have sharp toenails. [potion of
                  | mutation]
  6778 | D:8      | Reached skill level 10 in Shields
  6873 | D:8      | Got a dazzling hunting sling
  6874 | D:8      | Identified the +7 hunting sling of Wu Jian {velocity, rElec
                  | rF+ Dex-4 Stlth+} (You found it on level 8 of the Dungeon)
  6902 | D:8      | Reached skill level 10 in Armour
  6912 | D:8      | Reached skill level 10 in Fighting
  7167 | D:8      | Received a gift from Okawaru
  7297 | D:9      | Noticed a two-headed ogre
  7308 | D:9      | Killed a two-headed ogre
  7308 | D:9      | Reached skill level 10 in Maces & Flails
  7546 | D:9      | Found a shattered altar of Ashenzari.
  7568 | D:9      | Found the +8 frozen axe "Frostbite" {freezing cloud, *Noise
                  | +Fly rC+}
  8165 | D:9      | Reached XP level 11. HP: 84/101 MP: 10/10
  8414 | D:9      | Found a staircase to the Orcish Mines.
  8992 | D:9      | Found a hazy altar of Hepliaklqana.
  9089 | D:10     | Entered Level 10 of the Dungeon
  9105 | D:10     | Noticed a two-headed ogre
  9117 | D:10     | Killed a two-headed ogre
  9117 | D:10     | Received a gift from Okawaru
  9286 | D:10     | Got a crude great sword {god gift}
  9311 | D:10     | Noticed a rakshasa
  9320 | D:10     | Killed a rakshasa
  9693 | D:10     | Noticed a two-headed ogre
  9705 | D:10     | Killed a two-headed ogre
 10147 | D:10     | Identified the +4 great sword of Experimentation {venom,
                  | rC+ Dex+4} (Okawaru gifted it to you on level 10 of the
                  | Dungeon)
 10452 | D:11     | Noticed a green ugly thing
 10466 | D:11     | Killed a green ugly thing
 10555 | D:11     | Noticed a four-headed hydra
 10565 | D:11     | Killed a four-headed hydra
 10565 | D:11     | Received a gift from Okawaru
 10565 | D:11     | Reached XP level 12. HP: 97/112 MP: 11/11
 10621 | D:11     | Noticed a two-headed ogre
 10631 | D:11     | Killed a two-headed ogre
 11035 | D:11     | Found a basalt altar of Yredelemnul.
 11245 | D:12     | Noticed Kirke
 11266 | D:12     | Mangled by a manticore

Vault maps used:
D:1:      shiori_arrival_whats_in_store_for_you, okawaru_ov_weapons_minmay
D:2:      lemuel_crystal_altar
D:3:      old_standard_altar
D:4:      first_ration, uniq_eustachio
D:5:      grunt_ministairs_8
D:6:      gammafunk_cloud_chamber, temple_hall, serial_shops, shop
D:7:      minitemple
D:8:      due_lair_maze_entry_diamond, nicolae_ossuary_entry_monument
D:9:      overflow_temple_1_default, cheibrodos_ashenzari_chains, erik_orc_2
D:10:     minmay_ornate_pinched, grunt_livestock
D:11:     basic_altar, amethyst_killhole
D:12:     lab_entry_generic, serial_park_tiny_2, uniq_erolcha, uniq_kirke
Ossuary:  ossuary_crypta

Skill      XL: |  1  2  3  4  5  6  7  8  9 10 11 12 |
---------------+-------------------------------------+-----
Fighting       | 4 5 6 8 9 10 12 | 12.4
Armour         | 4 5 6 8 9 10 12 | 12.4
Shields        | 4 5 6 8 9 10 12 | 12.4
Maces & Flails | 3 4 5 6 7 8 10 11 12 | 12.1
Throwing       | |  0.2

Action                   |  1- 3 |  4- 6 |  7- 9 | 10-12 || total
-------------------------+-------+-------+-------+-------++-------
Melee: Flail             |    39 |       |       |       ||    39
       Headbutt          |    10 |    25 |    96 |   133 ||   264
       Whip              |    25 |   152 |   492 |   247 ||   916
       Morningstar       |       |       |       |   441 ||   441
       Kick              |       |       |       |   174 ||   174
       Unarmed           |       |       |       |     5 ||     5
 Fire: Hunting sling     |       |       |       |    33 ||    33
Throw: Tomahawk          |       |       |       |     2 ||     2
Invok: Finesse           |       |       |       |     1 ||     1
  Use: Scroll            |     6 |     8 |     6 |     7 ||    27
       Potion            |       |     3 |     1 |     5 ||     9
 Stab: Distracted        |       |       |     1 |       ||     1
  Eat: Chunk             |       |     7 |     9 |    17 ||    33
       Ration            |       |       |       |     1 ||     1
Armor: Scale mail        |    17 |    78 |    94 |       ||   189
       Plate armour      |       |       |    54 |   424 ||   478
Dodge: Dodged            |    14 |    55 |   109 |   191 ||   369
Block: Shield            |    33 |    72 |   236 |   435 ||   776

Table legend:
 A = Non-vault XP
 B = Vault XP
 C = Vault XP percentage of total XP
 D = Non-vault monster count
 E = Vault monster count
 F = Vault count percentage of total count
                 A         B        C        D         E       F
            +---------+---------+-------+---------+---------+-------
      Total |   19228 |    6291 |  24.7 |     308 |      70 |  18.5
            +---------+---------+-------+---------+---------+-------
        D:1 |      35 |       0 |   0.0 |      18 |       0 |   0.0
        D:2 |      74 |       0 |   0.0 |      15 |       0 |   0.0
        D:3 |     169 |       0 |   0.0 |      23 |       0 |   0.0
        D:4 |     152 |     208 |  57.8 |      13 |       1 |   7.1
        D:5 |     663 |      87 |  11.6 |      24 |       5 |  17.2
        D:6 |    1081 |     345 |  24.2 |      31 |       3 |   8.8
        D:7 |    1547 |       0 |   0.0 |      31 |       0 |   0.0
        D:8 |    2510 |    1697 |  40.3 |      47 |      16 |  25.4
        D:9 |    2559 |     761 |  22.9 |      26 |      17 |  39.5
       D:10 |    4804 |    2991 |  38.4 |      45 |      16 |  26.2
       D:11 |    5634 |       0 |   0.0 |      35 |       0 |   0.0
    Ossuary |       0 |     202 | 100.0 |       0 |      12 | 100.0
            +---------+---------+-------+---------+---------+-------
